 Dungeon Crawl Stone Soup version 0.20.1-1-g8b1a95d66d (webtiles) character file.

4519 Kublaii the Cleaver (level 10, -1/88 HPs)
             Began as a Hill Orc Fighter on Dec 6, 2017.
             Was an Elder of Okawaru.
             Slain by a yak (8 damage)
             ... on level 9 of the Dungeon on Dec 12, 2017.
             The game lasted 00:58:22 (7963 turns).

Kublaii the Cleaver (Hill Orc Fighter)              Turns: 7963, Time: 00:58:22

Health: -1/88      AC: 14    Str: 21    XL:     10   Next: 39%
Magic:  12/12      EV: 11    Int: 10    God:    Okawaru [****..]
Gold:   235        SH:  0    Dex: 12    Spells: 9/9 levels left

rFire    . . .     SeeInvis .   a - +4 battleaxe
rCold    + . .     Gourm    .   (shield currently unavailable)
rNeg     . . .     Faith    .   H - +0 chain mail
rPois    .         Spirit   .   z - +0 helmet
rElec    .         Reflect  .   (no cloak)
rCorr    .         Harm     .   (no gloves)
MR       .....                  S - +1 pair of boots
Stlth    ..........             (no amulet)
Regen    0.3/turn               p - ring of protection from cold
MPRegen  0.2/turn               (no ring)

@: no status effects
A: clever 1, low mp 1
a: Heroism, Renounce Religion


You were on level 9 of the Dungeon.
You worshipped Okawaru.
Okawaru was greatly pleased with you.
You were not hungry.

You visited 2 branches of the dungeon, and saw 10 of its levels.

You collected 388 gold pieces.
You spent 153 gold pieces at shops.

Inventory:

Hand Weapons
 a - a +4 battleaxe (weapon)
 b - a +0 hunting sling
 l - a +0 broad axe
 F - a +0 hand crossbow
 P - a +0 war axe
Missiles
 e - 162 stones (quivered)
 C - 60 sling bullets
 Q - 5 tomahawks of dispersal
Armour
 c - a +0 shield
 z - a +0 helmet (worn)
 H - a +0 chain mail (worn)
 S - a +1 pair of boots (worn)
Jewellery
 p - a ring of protection from cold (left hand)
Wands
 d - a wand of flame (41/48)
 q - a wand of random effects (16/48)
 G - a wand of lightning (14/15)
 I - a wand of lightning (6/15)
 M - a wand of confusion (12/48)
Scrolls
 g - 5 scrolls of identify
 h - a scroll of enchant weapon {unknown}
 u - 2 scrolls of remove curse
 v - 3 scrolls of recharging
 w - 4 scrolls of teleportation
Potions
 j - 3 potions of curing
 n - 2 potions of berserk rage
 o - a potion of ambrosia {unknown}
 s - a potion of invisibility
 D - a potion of agility
 E - 5 potions of brilliance
 O - a potion of resistance
Books
 x - a book of Minor Magic

   Spells                             Type                      Level
   a - Magic Dart                     Conjuration                  1
   b - Blink                          Translocation                2
   c - Call Imp                       Summoning                    2
   d - Slow                           Hexes                        2
   e - Conjure Flame                  Conjuration/Fire             3
   f - Mephitic Cloud                 Conjuration/Poison/Air       3
 A - a book of Cantrips

   Spells                             Type                      Level
   a - Confusing Touch                Hexes                        1
   b - Animate Skeleton               Necromancy                   1
   c - Summon Small Mammal            Summoning                    1
   d - Apportation                    Translocation                1
Comestibles
 f - 8 bread rations
 i - 11 fruits
 k - 4 meat rations
 m - 5 royal jellies


   Skills:
 - Level 8.0 Fighting
 - Level 9.0 Axes
 - Level 8.2 Armour
 + Level 6.6 Dodging
 - Level 5.5 Shields
 + Level 4.9 Invocations


You had 9 spell levels left.
You didn't know any spells.

Dungeon Overview and Level Annotations

Branches:
Dungeon (9/15)             Temple (1/1) D:4            Lair (0/6) D:8
    Orc: D:9-12

Altars:
Ashenzari
Cheibriados
Dithmenos
Fedhas
Gozag
Hepliaklqana
Kikubaaqudgha
Makhleb
Nemelex Xobeh
Okawaru
Qazlal
Sif Muna
Trog
Xom
Zin

Shops:
D:9 [


Innate Abilities, Weirdness & Mutations

Your mind is acute. (Int +2)
Your magical capacity is low. (-10% MP)


Message History

You barely miss the yak. You hit the yak. x2; The yak gores you!
The yak completely misses you. The yak barely misses you. The yak gores you.
The yak closely misses you.
You slash the yak!
The yak is moderately wounded.
You closely miss the yak. You hit the yak.
The yak is no longer paralysed.
The yak gores you! x2; The yak gores you.
* * * LOW HITPOINT WARNING * * *
You hit the yak but do no damage.
The yak is moderately wounded.
You closely miss the yak. You hit the yak.
The yak gores you but does no damage. x2; The yak barely misses you.
The yak gores you!
* * * LOW HITPOINT WARNING * * *
You hit the yak but do no damage.
The yak is moderately wounded.
You slash the yak! x2; The yak gores you but does no damage.
The yak gores you!
* * * LOW HITPOINT WARNING * * *
The yak gores you!
You die...

......#...(.....#,,,,,,,,,,,,*
......#.........#.......,,,,,*
......#.........#.......,,,,,*
......#...##....#....(..,,,,,*
......'...++....+.......,>,,,*
......#...##..).#.......,,,,,*
......#...##....#.Y.....,,,,,*
......#...##....#Y......,,,,,*
#######...##....@Y......,,,,,*
...#**######.###Y####+##*+*******
...............#.# *,*,,,,,,,,,,
...........#.#.#.####.#,,,,,,,,,,
*##........#.#........#,,,,,,,,,,
,,,,,.....,#.#....###...,,,,,,***
**,.,.....,#.#....#*,,,,≈≈≈,,,*
*#..,....,,..#....#*,,,**≈**,,*
....,....,,###....#*,,≈*,,,*≈,*


You could see 4 yaks.

Vanquished Creatures
  A two-headed ogre (D:9)
  Pikel (D:5)
  Prince Ribbit (D:5)
  Sigmund (D:5)
  A spriggan (D:8)
  A yak (D:9)
  The ghost of NullDivider the Sneak, an amateur OpAr (D:3)
  2 orc warriors (D:6)
  An ice beast (D:8)
  2 sky beasts
  2 black bears
  2 phantoms
  3 ogres
  A necrophage (D:8)
  4 centaurs
  2 big kobolds (D:9)
  2 bullfrogs
  2 scorpions
  A quasit (D:8)
  A centaur zombie (D:5)
  3 bullfrog skeletons
  5 hounds
  2 orc wizards (D:6)
  2 iguanas
  3 worker ants
  4 killer bee zombies
  2 hound skeletons
  8 gnolls
  11 adders
  An adder skeleton (D:6)
  3 worms (D:2)
  3 dart slugs
  5 leopard geckos
  18 orcs
  A ball python (D:2)
  7 giant cockroaches
  11 hobgoblins
  5 jackals (D:4)
  3 quokkas
  11 bats
  4 frilled lizards
  9 goblins
  A jackal skeleton (D:4)
  12 kobolds
  6 rats
172 creatures vanquished.

Notes
Turn   | Place    | Note
-------+----------+-------------------------------------------
     0 | D:1      | Kublaii the Hill Orc Fighter began the quest for the Orb.
     0 | D:1      | Reached XP level 1. HP: 19/19 MP: 1/1
   127 | D:1      | Reached skill level 3 in Axes
   147 | D:1      | Reached XP level 2. HP: 27/27 MP: 2/2
  1178 | D:2      | Reached skill level 4 in Axes
  1178 | D:2      | Reached XP level 3. HP: 33/33 MP: 3/3
  1456 | D:2      | Reached XP level 4. HP: 37/40 MP: 4/4
  1522 | D:2      | Found a shimmering altar of Xom.
  2653 | D:3      | Noticed NullDivider's ghost (amateur OpAr)
  2664 | D:3      | Killed NullDivider's ghost
  2664 | D:3      | Reached skill level 5 in Axes
  2664 | D:3      | Reached XP level 5. HP: 45/46 MP: 5/5
  2818 | D:3      | Reached skill level 6 in Axes
  2856 | D:3      | Reached XP level 6. HP: 52/52 MP: 6/6
  2962 | D:3      | Found a sparkling altar of Nemelex Xobeh.
  3240 | D:4      | Reached skill level 5 in Shields
  3263 | D:4      | Found a staircase to the Ecumenical Temple.
  3435 | D:4      | Noticed a phantom
  3462 | D:4      | Killed a phantom
  3462 | D:4      | Reached skill level 5 in Fighting
  3530 | D:4      | Reached XP level 7. HP: 31/61 MP: 7/7
  3757 | Temple   | Entered the Ecumenical Temple
  3773 | Temple   | Became a worshipper of Warmaster Okawaru
  3853 | D:5      | Entered Level 5 of the Dungeon
  3874 | D:5      | Reached skill level 5 in Armour
  4009 | D:5      | Noticed Pikel
  4025 | D:5      | Killed Pikel
  4025 | D:5      | Reached * piety under Okawaru
  4025 | D:5      | Reached XP level 8. HP: 48/71 MP: 8/8
  4081 | D:5      | Noticed Sigmund
  4110 | D:5      | Killed Sigmund
  4110 | D:5      | Reached ** piety under Okawaru
  4253 | D:5      | Noticed Prince Ribbit
  4266 | D:5      | Killed Prince Ribbit
  5162 | D:6      | Reached skill level 1 in Dodging
  5162 | D:6      | Reached XP level 9. HP: 73/81 MP: 9/9
  5172 | D:6      | Found an opulent altar of Gozag.
  5213 | D:6      | Reached skill level 7 in Axes
  5250 | D:6      | Reached *** piety under Okawaru
  5333 | D:6      | Found a sparkling altar of Nemelex Xobeh.
  5399 | D:6      | Reached skill level 8 in Axes
  6303 | D:7      | Reached skill level 9 in Axes
  6900 | D:8      | Found a deep blue altar of Sif Muna.
  6901 | D:8      | Found a snail-covered altar of Cheibriados.
  6919 | D:8      | Reached **** piety under Okawaru
  6974 | D:8      | Reached skill level 5 in Dodging
  6996 | D:8      | Found a bloodstained altar of Trog.
  6997 | D:8      | Found a shadowy altar of Dithmenos.
  7041 | D:8      | Received a gift from Okawaru
  7041 | D:8      | Reached XP level 10. HP: 59/88 MP: 10/10
  7133 | D:8      | Reached skill level 1 in Invocations
  7164 | D:8      | Found a staircase to the Lair.
  7246 | D:8      | Found a burning altar of Makhleb.
  7246 | D:8      | Found a glowing silver altar of Zin.
  7247 | D:8      | Noticed an angel
  7247 | D:8      | Noticed a blizzard demon
  7573 | D:9      | Noticed a two-headed ogre
  7574 | D:9      | Found Zantitij's Antique Armour Shoppe.
  7588 | D:9      | Killed a two-headed ogre
  7611 | D:9      | Bought a pair of boots for 153 gold pieces
  7634 | D:9      | Gained mutation: You are resistant to hostile enchantments. (MR+) [potion of mutation]
  7634 | D:9      | Gained mutation: You are agile. (Dex +2) [potion of mutation]
  7635 | D:9      | Lost mutation: You are agile. (Dex +2) [potion of mutation]
  7635 | D:9      | Lost mutation: You are resistant to hostile enchantments. (MR+) [potion of mutation]
  7635 | D:9      | Gained mutation: Your magical capacity is low. (-10% MP) [potion of mutation]
  7635 | D:9      | Gained mutation: Your mind is acute. (Int +2) [potion of mutation]
  7963 | D:9      | Slain by a yak

Skill      XL: |  1  2  3  4  5  6  7  8  9 10 |
---------------+-------------------------------+-----
Axes           | 3 4 5 6 9 |  9.0
Fighting       | 4 5 6 8 |  8.0
Armour         | 4 6 8 |  8.2
Shields        | 4 5 |  5.5
Dodging        | 1 5 6 |  6.6
Invocations    | 4 |  4.9

Action                   |  1- 3 |  4- 6 |  7- 9 | 10-12 || total
-------------------------+-------+-------+-------+-------++-------
Melee: War axe           |    91 |   144 |   276 |       ||   511
       Broad axe         |       |       |       |    86 ||    86
       Battleaxe         |       |       |       |     7 ||     7
 Fire: Hunting sling     |       |    91 |    90 |    32 ||   213
Throw: Stone             |    67 |    41 |       |       ||   108
Invok: Heroism           |       |       |       |     1 ||     1
Evoke: Wand              |       |       |       |     1 ||     1
  Use: Scroll            |     1 |     1 |       |    12 ||    14
       Potion            |       |     2 |     6 |     7 ||    15
  Eat: Chunk             |     1 |     8 |    11 |     3 ||    23
Armor: Scale mail        |    32 |    66 |    19 |       ||   117
       Chain mail        |       |       |    94 |    65 ||   159
Dodge: Dodged            |    24 |    38 |    69 |    45 ||   176
Block: Shield            |    42 |    67 |   147 |    67 ||   323
